 Dungeon Crawl Stone Soup version 0.29.1-14-g9c671dbff4 (webtiles) character file.

Game seed: 12376783100195098053

1246 MacCMillion the Ruffian (level 8, -1/78 (79) HPs)
             Began as a Troll Fighter on Feb 20, 2023.
             Engulfed by a cloud of flame (10 damage)
             ... on level 7 of the Dungeon.
             The game lasted 00:06:43 (4045 turns).

MacCMillion the Ruffian (Troll Fighter)             Turns: 4045, Time: 00:06:44

HP:   -1/78 (79)    AC:  5    Str: 25    XL:     8   Next: 25%
MP:   7/7           EV:  8    Int:  6    God:
Gold: 338           SH:  8    Dex:  9    Spells: 7/7 levels left

rFire   . . .      SeeInvis .     - Unarmed
rCold   . . .      Faith    .   b - +0 kite shield
rNeg    . . .      Spirit   .   a - +0 robe
rPois   .          Reflect  .   (helmet restricted)
rElec   .          Harm     .   x - +0 cloak
rCorr   .          Rampage  .   (gloves unavailable)
Will    .....                   (boots unavailable)
Stlth   +.........              f - amulet of regeneration
HPRegen 1.83/turn               (no ring)
MPRegen 0.10/turn               (no ring)

@: lethally poisoned (-1 -> -17), lightly drained
A: large, unfitting armour, claws 3, regeneration 1, shaggy fur 1, tough skin 1
a: no special abilities


You were on level 7 of the Dungeon.
You visited 1 branch of the dungeon, and saw 7 of its levels.
You also visited: Ossuary.

You collected 338 gold pieces.

Inventory:

Missiles
 k - 7 poisoned darts (quivered)
 o - 4 javelins
Armour
 a - a +0 robe (worn)
 b - a +0 kite shield (worn)
 x - a +0 cloak (worn)
Jewellery
 f - an amulet of regeneration (around neck)
 m - a +4 ring of evasion
 q - a ring of resist corrosion
Wands
 r - a wand of paralysis (10)
Scrolls
 e - 2 scrolls of amnesia
 g - a scroll of torment
 h - a scroll of fog
 j - a scroll of noise
 s - 2 scrolls of enchant armour
 y - 4 scrolls of identify
 z - a scroll of acquirement {unknown}
 A - a scroll of teleportation {unknown}
 B - 2 scrolls of immolation
 C - a scroll of blinking {unknown}
Potions
 c - 6 potions of might
 d - 4 potions of brilliance {unknown}
 i - a potion of magic {unknown}
 l - 2 potions of heal wounds
 n - 2 potions of curing
 p - a potion of degeneration {unknown}
 t - 2 potions of flight {unknown}
 u - a potion of haste {unknown}
 v - a potion of experience {unknown}
 w - a potion of attraction {unknown}


   Skills:
 + Level 4.7 Fighting
 - Level 2.4 Dodging
 + Level 5.2 Shields
 * Level 7.3 Unarmed Combat


You had 7 spell levels left.
You didn't know any spells.
Your spell library contained the following spells:

 Spells                   Type           Power      Damage    Failure   Level
 Blink                    Tloc           0%         N/A       86%         2
 Conjure Flame            Conj/Fire      0%         6-21      97%         3
 Ignite Poison            Fire/Tmut/Pois 0%         N/A       97%         3
 Lesser Beckoning         Tloc           0%         N/A       97%         3
 Ozocubu's Armour         Ice            0%         N/A       97%         3
 Sticky Flame             Conj/Fire      0%         2d3       100%        4
 Manifold Assault         Tloc           0%         N/A       100%        5
 Ozocubu's Refrigeration  Ice            0%         4d7       100%        7


Dungeon Overview and Level Annotations

Branches:
Dungeon (7/15)            Ossuary (visited)
 Temple: D:4-7

Altars:
Ashenzari
Hepliaklqana
Okawaru
Uskayaw
Vehumet
Xom
Zin

Shops:
D:5 [


Innate Abilities, Weirdness & Mutations

You are too large for most types of armour.
You have claws for hands.
Your natural rate of healing is unusually fast.
You are covered in fur. (AC +1)
You have tough skin. (AC +1)


Message History

You block the orc's attack. The orc attacks as you move away!
The orc barely misses you. You block the necrophage's attack.
You block the gnoll's attack.
The necrophage attacks as you move away!
The necrophage hits you!
Found a leather armour.
The gnoll barely misses you. The orc hits you with a +0 hand axe.
The orc attacks as you move away! You block the orc's attack.
There is a stone staircase leading down here.
You block the gnoll's attack.
You climb downwards.
There is a stone staircase leading up here.
You closely miss the gnoll. The gnoll hits you with a +0 club.
The gnoll completely misses you.
You closely miss the gnoll. You block the gnoll's attack.
Found 5 gold pieces.
The water moccasin bites you.
You are poisoned.
The water moccasin poisons you! The water moccasin bites you.
You are more poisoned.
The water moccasin poisons you!
You closely miss the water moccasin.
You feel extremely sick. You block the water moccasin's attack.
The gnoll hits you with a +0 club.
You mangle the water moccasin!!
The water moccasin is severely wounded.
You feel very sick. The water moccasin barely misses you.
You block the gnoll's attack. The water moccasin bites you.
You are more poisoned.
The water moccasin poisons you!
You claw the gnoll!
The gnoll explodes!
The fiery explosion engulfs you!!
* * * LOW HITPOINT WARNING * * *
The fiery explosion engulfs the water moccasin!
You kill the water moccasin!
You are engulfed in blazing flames.
You die...

..........#
.........#
#........ #......#
#......# .
#.#....#
....##.#†§..#.##.#
#......@)§<.......
#.####.#§####.##..
#..... ##...##
..... .......
...$..#.#
.......#.#


There were no monsters in sight!

Vanquished Creatures
  3 water moccasins
  An ogre (D:4)
  A phantom (D:6)
  A bullfrog (D:6)
  An elf zombie (Ossuary)
  3 scorpions
  4 hounds
  2 orc priests (D:6)
  A human zombie (Ossuary)
  3 iguanas
  An orc wizard (D:4)
  2 hound zombies (Ossuary)
  4 mummies (Ossuary)
  A gnoll (D:7)
  6 adders
  A shadow imp (D:5)
  2 white imps (D:6)
  An ufetubus (D:6)
  An adder zombie (Ossuary)
  2 worms
  3 dart slugs
  13 orcs
  8 endoplasms
  3 giant cockroaches
  A gnoll zombie (Ossuary)
  3 goblins (D:1)
  9 hobgoblins
  2 jackals (D:2)
  10 kobolds
  4 quokkas
  6 ball pythons
  6 frilled lizards
  A goblin zombie (Ossuary)
  A hobgoblin zombie (Ossuary)
  A jackal zombie (Ossuary)
  2 kobold zombies (Ossuary)
  7 rats
  A rat zombie (Ossuary)
122 creatures vanquished.

Notes
Turn   | Place    | Note
-------+----------+-------------------------------------------
     0 | D:1      | MacCMillion the Troll Fighter began the quest for the Orb.
     0 | D:1      | Reached XP level 1. HP: 22/22 MP: 0/0
    74 | D:1      | Reached XP level 2. HP: 29/29 MP: 1/1
   436 | D:1      | Reached XP level 3. HP: 36/36 MP: 2/2
   894 | D:2      | Reached skill level 3 in Unarmed Combat
  1333 | D:2      | Identified the +1 ring mail of Wu Jian's Vengeance {Harm
                  | rC+ rCorr}
  1442 | D:3      | Reached XP level 4. HP: 43/44 MP: 3/3
  1665 | D:3      | Found a faded altar of an unknown god.
  1911 | D:3      | Found a hazy altar of Hepliaklqana.
  1912 | D:3      | Found a shimmering altar of Xom.
  1913 | D:3      | Noticed a spectral ugly thing
  2097 | D:4      | Noticed a scorpion
  2102 | D:4      | Killed a scorpion
  2103 | D:4      | Reached skill level 4 in Unarmed Combat
  2103 | D:4      | Reached XP level 5. HP: 49/53 MP: 4/4
  2174 | D:4      | Reached XP level 6. HP: 51/61 MP: 5/5
  2454 | D:4      | Reached skill level 5 in Unarmed Combat
  2774 | D:5      | Entered Level 5 of the Dungeon
  2815 | D:5      | Found Uxzaefus's Antique Armour Shop.
  2836 | D:5      | Found a glowing silver altar of Zin.
  2854 | D:5      | Found a hide-covered altar of Uskayaw.
  2966 | D:5      | Reached XP level 7. HP: 68/68 MP: 6/6
  3004 | D:5      | Identified the +6 scale mail of Vanity {rElec}
  3129 | D:5      | Found a broken altar of Ashenzari.
  3260 | D:5      | Found a radiant altar of Vehumet.
  3313 | D:5      | Found an iron altar of Okawaru.
  3528 | D:6      | Reached skill level 6 in Unarmed Combat
  3648 | D:6      | Reached XP level 8. HP: 70/79 MP: 7/7
  3663 | D:6      | Found a sand-covered staircase.
  3667 | Ossuary  | Entered an ossuary
  3681 | Ossuary  | Reached skill level 5 in Shields
  3711 | Ossuary  | Reached skill level 7 in Unarmed Combat
  4045 | D:7      | Engulfed by a cloud of flame

Illustrated notes

Levels and vault maps discovered:
D:1:      minmay_arrival_shoal_huts, layout_basic, skrybe_limestone_x
D:2:      layout_basic, item_on_display_a
D:3:      layout_loops_ring, regret_index_temple_of_mockery,
          chequers_ecumenical_altar_simple_redux, palyth_stone_intersect
D:4:      layout_loops_ring
D:5:      layout_loops_ring, kennysheep_mini_moat,
          mainiacjoe_overflow_small_starburst, mainiacjoe_overflow_alcove_1,
          mainiacjoe_overflow_six_doors_small, evilmike_ruin_ashenzari,
          serial_shops, nicolae_shop_advertising_works
          [nicolae_subvault_shop_adworks]
D:6:      layout_cave_pools, trog_ov_bears_minmay, lemuel_temple_firewalk_b,
          lightli_ossuary_entry_decrepit_ruins, mrwooster_statue_mirror,
          st_stairs_9
D:7:      layout_basic, gammafunk_ghost_stat_death, minmay_ruined_shrine

Skill      XL: |  1  2  3  4  5  6  7  8 |
---------------+-------------------------+-----
Shields        | 3 4 5 |  5.2
Unarmed Combat | 3 4 5 6 7 |  7.3
Fighting       | 3 4 |  4.7
Dodging        | |  2.4

Action                   |  1- 3 |  4- 6 |  7- 9 || total
-------------------------+-------+-------+-------++-------
Melee: Unarmed           |    95 |   134 |   123 ||   352
  Use: Scroll            |       |       |     8 ||     8
 Stab: Sleeping          |       |     1 |       ||     1
Armor: Robe              |    25 |    23 |   102 ||   150
Dodge: Dodged            |    22 |    35 |    96 ||   153
Block: Kite shield       |    32 |    42 |   107 ||   181
